 Dungeon Crawl Stone Soup version 0.30-a0-956-gcec3b41aec (webtiles) character file.

Game seed: 7757367051369502482

914 voltaire321 the Sneak (level 8, 0/46 HPs)
             Began as a Kobold Enchanter on Mar 29, 2023.
             Was an Initiate of Wu Jian.
             Slain by a gnoll sergeant
             ... wielding a +0 trident of protection
              (10 damage)
             ... on level 5 of the Dungeon on Mar 30, 2023.
             The game lasted 00:10:59 (5044 turns).

voltaire321 the Sneak (Kobold Enchanter)            Turns: 5044, Time: 00:10:59

Health: 0/46       AC:  3    Str:  8    XL:     8   Next: 30%
Magic:  4/13       EV: 16    Int: 16    God:    Wu Jian [......]
Gold:   296        SH:  0    Dex: 15    Spells: 9/14 levels left

rFire   . . .      SeeInvis .    u - +2 dagger (venom)
rCold   . . .      Faith    .    (no shield)
rNeg    . . .      Spirit   .    b - +0 robe
rPois   +          Reflect  .    y - +0 helmet
rElec   .          Rampage  .    s - scarf {shadows}
rCorr   .                        (no gloves)
Will    .....                    (no boots)
Stlth   +++++                    (no amulet)
HPRegen 0.27/turn                l - ring of poison resistance
MPRegen 0.13/turn                (no ring)

@: no status effects
A: small, no large weapons, nightstalker 3
a: Renounce Religion


You were on level 5 of the Dungeon.
You worshipped Wu Jian.
Wu Jian was noncommittal.
You visited 2 branches of the dungeon, and saw 6 of its levels.

You collected 296 gold pieces.

Inventory:

Hand Weapons
 a - a +1 dagger
 u - a +2 dagger of venom (weapon)
 x - a +0 rapier
Missiles
 q - 8 poisoned darts
Armour
 b - a +0 robe (worn)
 s - a scarf of shadows (worn)
 y - a +0 helmet (worn)
Jewellery
 l - a ring of poison resistance (left hand)
 t - a +5 ring of evasion
Scrolls
 i - a scroll of teleportation {unknown}
 j - a scroll of fear {unknown}
 k - 8 scrolls of identify {unknown}
 v - a scroll of brand weapon {unknown}
 w - a scroll of butterflies {unknown}
Potions
 c - 3 potions of invisibility
 d - a potion of cancellation {unknown}
 e - a potion of heal wounds
 f - a potion of lignification {unknown}
 g - 3 potions of flight {unknown}
 h - a potion of degeneration {unknown}
 m - a potion of ambrosia {unknown}
 n - a potion of might {unknown}
 o - a potion of berserk rage {unknown}
 p - 3 potions of curing {unknown}
 r - a potion of haste {unknown}


   Skills:
 + Level 3.0 Fighting
 + Level 4.3 Short Blades
 + Level 4.4 Dodging
 * Level 7.7 Stealth
 + Level 3.9 Spellcasting
 + Level 4.3 Hexes
 + Level 2.5 Ice Magic


You had 9 spell levels left.
You knew the following spells:

 Your Spells              Type           Power      Damage    Failure   Level
a - Ensorcelled Hibernat  Hex/Ice        28%        N/A       6%          2
b - Tukima's Dance        Hex            16%        N/A       9%          3

Your spell library contained the following spells:

 Spells                   Type           Power      Damage    Failure   Level
 Confusing Touch          Hex            16%        N/A       9%          3
 Beastly Appendage        Tmut           6%         N/A       17%         1
 Foxfire                  Conj/Fire      12%        2x1d2     17%         1
 Dazzling Flash           Conj/Hex       20%        N/A       22%         3
 Wereblood                Tmut           3%         N/A       26%         2
 Spider Form              Tmut/Pois      3%         N/A       45%         3
 Fireball                 Conj/Fire      1%         3d3       99%         5
 Starburst                Conj/Fire      1%         6d3       100%        6


Dungeon Overview and Level Annotations

Branches:
Dungeon (5/15)             Temple (1/1) D:5

Altars:
Cheibriados
Dithmenos
Elyvilon
Gozag
Nemelex Xobeh
Uskayaw
Vehumet
Wu Jian
Yredelemnul

Shops:
D:2 [


Innate Abilities, Weirdness & Mutations

You are small and have problems with some larger weapons.
You are completely attuned to the shadows.


Message History

The gnoll closely misses you. The gnoll sergeant closely misses you.
Aiming: Ensorcelled Hibernation (safe; 6% risk of failure)
Press: ? - help, Q - select action, (/) - cycle Shift-Dir - straight line, f - gnoll
Aim: a gnoll, wielding a +0 spear (moderately wounded, very poisoned, chance to affect: 56%)
The gnoll looks drowsy...
The gnoll sergeant hits you from afar with a +0 trident of protection.
The helpless gnoll fails to defend itself.
You stick the gnoll like a pincushion!!!
You kill the gnoll!
The Council accepts your kill.
The gnoll sergeant hits you from afar with a +0 trident of protection!
You lunge at the gnoll sergeant.
You hit the gnoll sergeant but do no damage.
The gnoll sergeant is poisoned.
The gnoll sergeant hits you with a +0 trident of protection!
Aiming: Ensorcelled Hibernation (safe; 6% risk of failure)
Press: ? - help, Q - select action, (/) - cycle Shift-Dir - straight line, f - gnoll sergeant
Aim: a gnoll sergeant, wielding a +0 trident of protection and wearing a +0 ring mail (lightly wounded, very poisoned, chance to affect: 48%)
The gnoll sergeant resists with some effort.
Aiming: Ensorcelled Hibernation (safe; 6% risk of failure)
Press: ? - help, Q - select action, (/) - cycle Shift-Dir - straight line, f/p - gnoll sergeant
Aim: a gnoll sergeant, wielding a +0 trident of protection and wearing a +0 ring mail (lightly wounded, very poisoned, chance to affect: 48%)
The gnoll sergeant resists with some effort.
The gnoll misses you.
The gnoll sergeant hits you with a +0 trident of protection!
* * * LOW HITPOINT WARNING * * *
Aiming: Ensorcelled Hibernation (safe; 6% risk of failure)
Press: ? - help, Q - select action, (/) - cycle Shift-Dir - straight line, f/p - gnoll sergeant
Aim: a gnoll sergeant, wielding a +0 trident of protection and wearing a +0 ring mail (lightly wounded, very poisoned, chance to affect: 48%)
The gnoll sergeant resists with some effort.
The gnoll hits you from afar with a +0 spear.
* * * LOW HITPOINT WARNING * * *
The gnoll sergeant misses you.
Aiming: Ensorcelled Hibernation (safe; 6% risk of failure)
Press: ? - help, Q - select action, (/) - cycle Shift-Dir - straight line, f/p - gnoll sergeant
Aim: a gnoll sergeant, wielding a +0 trident of protection and wearing a +0 ring mail (lightly wounded, very poisoned, chance to affect: 48%)
The gnoll sergeant resists with some effort.
The gnoll closely misses you.
The gnoll sergeant hits you with a +0 trident of protection!
You die...

# # ###########
..........# .########.#
.# #>##### .######
#.#...# ##### ......#
#.#.#.#####...#
.####.###...#...@.g.#.#
.####.##....#...g##...#
....#....#######.###.##
.##.####....#....# #.#
###.# ####.#.#### #.# #
#.# #.#.# #.# #.# #...#
#.# #.# ##.## #.# #.#
#.# #.#


You could see a gnoll sergeant (poisoned) and a gnoll.

Vanquished Creatures
  A steam dragon (D:5)
  A water moccasin (D:4)
  A black bear (D:5)
  An ogre (D:5)
  A phantom (D:5)
  Blork the orc (D:4)
  An orc priest (D:4)
  3 hounds (D:5)
  A jelly (D:4)
  6 gnolls
  8 adders
  An ufetubus (D:5)
  4 worms
  8 orcs
  10 endoplasms
  A giant cockroach (D:1)
  9 hobgoblins
  4 jackals (D:3)
  A quokka (D:1)
  3 ball pythons (D:1)
  3 bats
  A frilled lizard (D:1)
  7 goblins
  9 kobolds
  6 rats
92 creatures vanquished.

Notes
Turn   | Place    | Note
-------+----------+-------------------------------------------
     0 | D:1      | voltaire321 the Kobold Enchanter began the quest for the
                  | Orb.
     0 | D:1      | Reached XP level 1. HP: 10/10 MP: 3/3
   245 | D:1      | Reached XP level 2. HP: 16/16 MP: 5/5
   531 | D:1      | Reached XP level 3. HP: 20/20 MP: 6/6
   555 | D:1      | Learned a level 2 spell: Ensorcelled Hibernation
   725 | D:2      | Found Ecuef's Antique Armour Shoppe.
   777 | D:2      | Found a white marble altar of Elyvilon.
   970 | D:2      | Identified the +10 plate armour of Mafiq {rElec rCorr MP-9
                  | SInv}
  1053 | D:2      | Reached XP level 4. HP: 5/24 MP: 0/7
  1100 | D:1      | Reached skill level 5 in Stealth
  1136 | D:2      | Reached skill level 1 in Fighting
  1266 | D:2      | Found a faded altar of an unknown god.
  1993 | D:3      | Reached XP level 5. HP: 27/29 MP: 5/8
  2054 | D:3      | Identified the +9 plate armour of Relativism {Harm rElec
                  | Regen+ MP-9}
  2339 | D:3      | Learned a level 3 spell: Tukima's Dance
  2525 | D:3      | Identified the +0 plate armour "Joraecw" {rC+ rCorr Int+4}
  2605 | D:4      | Noticed a water moccasin
  2609 | D:4      | Killed a water moccasin
  2610 | D:4      | Reached skill level 1 in Ice Magic
  2610 | D:4      | Reached XP level 6. HP: 34/34 MP: 10/10
  2881 | D:4      | Noticed Blork the orc
  2914 | D:4      | Killed Blork the orc
  2915 | D:4      | Reached skill level 6 in Stealth
  3227 | D:4      | Reached XP level 7. HP: 40/40 MP: 11/11
  3502 | D:5      | Entered Level 5 of the Dungeon
  3877 | D:5      | Found a staircase to the Ecumenical Temple.
  3904 | Temple   | Entered the Ecumenical Temple
  3940 | Temple   | Became a worshipper of the Wu Jian Council
  4272 | D:5      | Found a shadowy altar of Dithmenos.
  4363 | D:5      | Reached skill level 7 in Stealth
  4458 | D:5      | Noticed a steam dragon
  4472 | D:5      | Killed a steam dragon
  4473 | D:5      | Reached XP level 8. HP: 11/45 MP: 9/13
  5044 | D:5      | Slain by a gnoll sergeant

Illustrated notes

Levels and vault maps discovered:
D:1:      amcnicky_arrival_single_pillar, layout_loops_cross,
          minmay_misc_feat_chi, dreamdust_princess_bridge
D:2:      layout_loops_ring, basic_altar, serial_shops, shop,
          hellmonk_ecumenical_altar_zigzags
D:3:      layout_loops_cross, mrwooster_statue_mirror
D:4:      layout_gridville, uniq_blork_the_orc
D:5:      layout_loops_ring, nicolae_dithmenos_the_darkroom, temple_pool_b,
          nzn_random_ring
Temple:   nicolae_temple_ecumenical_triangle

Skill      XL: |  1  2  3  4  5  6  7  8 |
---------------+-------------------------+-----
Short Blades   | 2 3 4 |  4.3
Stealth        | 5 6 7 |  7.7
Fighting       | 1 2 3 |  3.0
Dodging        | 3 4 |  4.4
Ice Magic      | 1 2 |  2.5
Spellcasting   | 3 |  3.9
Hexes          | 4 |  4.3

Action                     |  1- 3 |  4- 6 |  7- 9 || total
---------------------------+-------+-------+-------++-------
  Melee: Dagger            |    56 |    89 |    79 ||   224
         Punch             |       |     3 |     1 ||     4
  Throw: Dart              |       |     3 |       ||     3
   Cast: Ensorcelled Hiber |     3 |    29 |    35 ||    67
Ability: Lunge             |       |       |     4 ||     4
    Use: Potion            |       |     2 |       ||     2
   Stab: Sleeping          |    19 |    26 |    16 ||    61
         Distracted        |       |     1 |     2 ||     3
 Armour: Robe              |     5 |     7 |    10 ||    22
  Dodge: Dodged            |    26 |    56 |    71 ||   153

Table legend: (Time is in decaauts)
 A = Elapsed time spent in this place.
 B = Non-inter-level travel time spent in this place.
 C = Inter-level travel time spent in this place.
 D = Time resting spent in this place.
 E = Time spent auto-exploring this place.
 F = Levels seen in this place.
 G = Mean time per level.
                   A        B        C        D        E       F      G
               +--------+--------+--------+--------+--------+-----+--------+
         Total |   5014 |   4940 |     74 |    850 |   3177 |   6 |  835.7 |
       Dungeon |   4968 |   4894 |     74 |    850 |   3148 |   5 |  993.6 |
        Temple |     45 |     45 |      0 |      0 |     29 |   1 |   45.0 |
               +--------+--------+--------+--------+--------+-----+--------+

Top non-repeatable levels by time:
     D:5: 1483 daAuts
     D:2: 1064 daAuts
     D:4: 898 daAuts
     D:3: 763 daAuts
     D:1: 759 daAuts
  Temple: 45 daAuts
